 Dungeon Crawl Stone Soup version 0.19-a0-36-g4a0968a (webtiles) character file.

21 xeno23 the Insei (level 2, -2/21 HPs)
             Began as a Demonspawn Transmuter on May 4, 2016.
             Slain by an adder (3 damage)
             ... on level 2 of the Dungeon.
             The game lasted 00:02:55 (1254 turns).

xeno23 the Insei (Demonspawn Transmuter)            Turns: 1254, Time: 00:02:56

Health: -2/21      AC:  2    Str: 10    XL:     2   Next: 65%
Magic:  0/5        EV: 12    Int: 14    God:
Gold:   26         SH:  0    Dex:  7    Spells: 2 memorised, 2 levels left

rFire  . . .     SeeInvis .       - Unarmed
rCold  . . .     Gourm    .     b - +0 robe
rNeg   . . .     Faith    .     (no shield)
rPois  .         Spirit   +     (no helmet)
rElec  .         Dismiss  .     (no cloak)
rCorr  .         Reflect  .     (no gloves)
SustAt .         Harm     .     (no boots)
MR     .....                    (no amulet)
Stlth  +.........               (no ring)
                                g - -6 ring of dexterity (curse)

@: not resistant to hostile enchantments, very unstealthy
A: magic shield
a: no special abilities


You were on level 2 of the Dungeon.
You were not hungry.

You visited 1 branch of the dungeon, and saw 2 of its levels.

You collected 26 gold pieces.

Inventory:

Missiles
 a - 12 arrows
Armour
 b - a +0 robe (worn)
Jewellery
 g - a cursed -6 ring of dexterity (left hand)
Scrolls
 e - a scroll of magic mapping {unknown}
 f - a scroll of remove curse {unknown}
 i - a scroll of fear {unknown}
Books
 c - a book of Changes

   Spells                             Type                      Level
   a - Beastly Appendage              Transmutation                1
   b - Sticks to Snakes               Transmutation                2
   c - Spider Form                    Transmutation/Poison         3
   d - Ice Form                       Ice/Transmutation            4
   e - Blade Hands                    Transmutation                5
Comestibles
 d - a bread ration
 h - a meat ration
 j - a chunk of flesh


   Skills:
 + Level 1.5 Fighting
 + Level 2.1 Dodging
 + Level 3.0 Unarmed Combat
 + Level 2.1 Spellcasting
 + Level 1.9 Transmutations


You had 2 spell levels left.
You knew the following spells:

 Your Spells              Type           Power        Failure   Level  Hunger
a - Beastly Appendage     Trmt           #.....       14%         1    #......
b - Sticks to Snakes      Trmt           #.......     21%         2    ###....


Dungeon Overview and Level Annotations

Branches:
Dungeon (2/15)

Altars:
Cheibriados
The Shining One


Innate Abilities, Weirdness & Mutations

When hurt, damage is shared between your health and your magic reserves.


Message History

You barely miss the adder. The bat closely misses you.
The adder barely misses you.
You closely miss the adder. The bat misses you. The adder barely misses you.
You hit the adder.
The adder is moderately wounded.
The adder bites you. The bat hits you but does no damage.
The adder closely misses you. The bat hits you but does no damage.
You hit the adder.
The adder is heavily wounded.
The bat hits you but does no damage. The adder barely misses you.
You miss the adder. Your punch misses the adder.
The adder is heavily wounded.
The bat hits you.
* * * LOW HITPOINT WARNING * * *
The adder closely misses you.
You take 1 damage.
You barely miss the adder.
The adder is heavily wounded.
The adder bites you.
You die...

#.#.# ....
#.#< ... #
#..
#..###b#
#....S.# .
#@###.#
##.....#
###....###
#...#..#
##.#...##
#..##......
#..# ####..
###'### .
###..)..###


You could see an adder and a bat.

Vanquished Creatures
  2 dart slugs (D:1)
  3 giant geckos
  A giant cockroach (D:1)
  2 goblins
  2 jackals (D:1)
  A bat (D:1)
  A kobold (D:1)
  2 rats (D:1)
14 creatures vanquished.

Notes
Turn   | Place    | Note
--------------------------------------------------------------
     0 | D:1      | xeno23 the Demonspawn Transmuter began the quest for the Orb.
     0 | D:1      | Reached XP level 1. HP: 15/15 MP: 3/3
   495 | D:1      | Gained mutation: When hurt, damage is shared between your health and your magic reserves. [demonic ancestry]
   495 | D:1      | Reached XP level 2. HP: 12/21 MP: 5/5
   799 | D:1      | Learned a level 2 spell: Sticks to Snakes
   987 | D:2      | Found a glowing golden altar of the Shining One.
   987 | D:2      | Found a snail-covered altar of Cheibriados.
  1049 | D:2      | Reached skill level 3 in Unarmed Combat
  1253 | D:2      | HP: 1/21 [bat (1)]
  1254 | D:2      | Slain by an adder

Vault maps used:
D:1:      onia_arrival_pyramid, minivault_11
D:2:      minitemple, gammafunk_temple_overflow_pools, first_bread, uniq_iyjb,
          uniq_sigmund, uniq_terence, uniq_robin

Skill      XL: |  1  2 |
---------------+-------+-----
Dodging        | 2 |  2.1
Unarmed Combat | 3 |  3.0
Fighting       | |  1.5
Spellcasting   | |  2.1
Transmutations | |  1.9

Action                   || total
-------------------------++-------
Melee: Unarmed           ||    96
       Headbutt          ||     1
       Punch             ||     1
 Cast: Beastly Appendage ||     2
 Stab: Sleeping          ||     1
  Eat: Chunk             ||     1
Armor: Robe              ||    37
Dodge: Dodged            ||    92
